 Dungeon Crawl Stone Soup version 0.29.0-4-gdea44cf6ec (webtiles) character file.

Game seed: 7650079041251112497

73 qw the Chopper (level 4, 0/35 HPs)
             Began as a Formicid Cinder Acolyte on Sept 3, 2022.
             Was a High Priest of Ignis.
             Slain by an iron imp (5 damage)
             ... summoned by Natasha
             ... on level 3 of the Dungeon.
             The game lasted 00:01:24 (2563 turns).

qw the Chopper (Formicid Cinder Acolyte)            Turns: 2563, Time: 00:01:25

Health: 0/35       AC: 17    Str: 19 (21) XL:     4   Next: 51%
Magic:  5/5        EV:  4    Int: 11 (13) God:    Ignis [*****.]
Gold:   80         SH:  9    Dex:  6 (9)  Spells: 5/5 levels left

rFire   + . .      SeeInvis +   Y - +0 hand axe (flame)
rCold   . . .      Faith    .   e - +0 tower shield
rNeg    . . .      Spirit   .   i - +0 chain mail
rPois   .          Reflect  .   (helmet unavailable)
rElec   .          Harm     .   (no cloak)
rCorr   .          Rampage  .   (no gloves)
Will    .....                   h - +1 pair of boots
Stlth   ..........              (no amulet)
HPRegen 0.11/turn               (no ring)
MPRegen 0.09/turn               (no ring)

@: fiery-armoured
A: permanent stasis, dig shafts and tunnels, antennae 3, four strong arms
a: Dig, Shaft Self, Renounce Religion, Fiery Armour, Foxfire Swarm, Rising Flame


You were on level 3 of the Dungeon.
You worshipped Ignis.
Ignis was extremely pleased with you.
You visited 1 branch of the dungeon, and saw 3 of its levels.

You collected 80 gold pieces.


Innate Abilities, Weirdness & Mutations

You cannot be hasted, slowed, berserked, paralysed or teleported.
You can dig through walls and to a lower floor.
You have a pair of large antennae on your head. (SInv)
Your four strong arms can wield two-handed weapons with a shield.


   Skills:
 - Level 3.2 Fighting
 - Level 4.6 Axes
 - Level 1.0 Dodging
 + Level 1.0 Shields
 - Level 1.1 Spellcasting
 - Level 3.0 Fire Magic


You had 5 spell levels left.
You didn't know any spells.
Your spell library contained the following spells:

 Spells                   Type           Power      Damage    Failure   Level
 Scorch                   Fire           14%        2d6       100%        2

Inventory:

Hand Weapons
 Y - a +0 hand axe of flaming (weapon)
Armour
 c - a +1 pair of gloves
 e - a +0 tower shield (worn)
 h - a +1 pair of boots (worn)
 i - a +0 chain mail (worn)
Scrolls
 f - a scroll of fear {unknown}
 j - a scroll of identify
Potions
 a - a potion of flight {unknown}
 b - a potion of brilliance {unknown}
 d - a potion of lignification {unknown}
 g - a potion of attraction {unknown}
 k - a potion of might {unknown}
 l - a potion of berserk rage {unknown}

Dungeon Overview and Level Annotations

Branches:
Dungeon (3/15)

Altars:
Cheibriados
Kikubaaqudgha
Uskayaw
Yredelemnul

Annotations:
D:3 Natasha


Message History

You block the crimson imp's attack.
Natasha stares at you and mumbles some strange words.
The magic dart hits you but does no damage.
The crimson imp hits you but does no damage.
The crimson imp completely resists.
You hit the crimson imp but do no damage.
The crimson imp disappears in a puff of smoke!
2558 ||| FLEEEEING.
Natasha mumbles some strange words.
You hit the iron imp but do no damage. Natasha casts a spell at you.
The magic dart hits you but does no damage.
You block the iron imp's attack.
You slash the iron imp!
The iron imp is heavily wounded.
The iron imp hits you but does no damage.
The iron imp completely resists.
Natasha mumbles some strange words.
You closely miss the iron imp.
The iron imp is moderately wounded.
You barely miss the shadow imp. The shadow imp hits you.
The shadow imp is burned by your cloak of flames.
The shadow imp is moderately wounded.
You block the iron imp's attack.
You hit the iron imp but do no damage.
The iron imp is moderately wounded.
You hit the shadow imp but do no damage.
Natasha casts a spell at you.
The magic dart hits you but does no damage.
The shadow imp completely misses you.
The iron imp hits you but does no damage.
You barely miss the iron imp.
The iron imp is moderately wounded.
You hit the shadow imp but do no damage.
The shadow imp hits you.
The shadow imp is burned by your cloak of flames.
The shadow imp is severely wounded.
The iron imp hits you.
You die...

..¤¤.....#.# .
~~¤¤~~~~....# .
¤¤.....~.#:.##.#
.~~~~¤¤~.#...#.#
.~.._~¤¤¤.#.#..#
.~.~~~.~.¤.....#
.~...¤h~..#.#.#
~~¤~¤¤¤~5#...#
....K¤5@.....#
¤~¤¤.~.~.##..#
.¤¤..~.~.....#
.¤~~~~.~(###.# #.#
¤......~.# #.# #.#
¤~~~~~¤~.###.# #.#
.¤....(......# #.#
##...###.##..# ##.#
#.#####.##..########...


You could see an iron imp (summoned), Natasha, a shadow imp (summoned) and a
kobold.

Vanquished Creatures
  An adder (D:2)
  2 dart slugs
  5 ball pythons
  7 bats
  5 endoplasms
  3 goblins
  4 hobgoblins
  7 jackals (D:1)
  8 kobolds
  2 quokkas (D:1)
  6 frilled lizards (D:1)
  3 rats
53 creatures vanquished.

Vanquished Creatures (others)
  A fungus (D:3)
1 creature vanquished.

Grand Total: 54 creatures vanquished

Notes
Turn   | Place    | Note
-------+----------+-------------------------------------------
     0 | D:1      | qw the Formicid Cinder Acolyte began the quest for the Orb.
     0 | D:1      | Reached XP level 1. HP: 18/18 MP: 2/2
     0 | D:1      | 0 ||| qw: Version: 0.1-a-102-g441f92d
     0 | D:1      | 0 ||| qw: Game counter: 5216
     0 | D:1      | 0 ||| qw: Always use a shield: true
     0 | D:1      | 0 ||| qw: God list: Okawaru
     0 | D:1      | 0 ||| qw: Allow faded altars: false
     0 | D:1      | 0 ||| qw: Do Orc after D:15 true
     0 | D:1      | 0 ||| qw: Do second Lair branch before Depths: true
     0 | D:1      | 0 ||| qw: Lair rune preference: random
     0 | D:1      | 0 ||| qw: Plans: Normal
     0 | D:1      | 0 ||| PLANNING D:1-11
    95 | D:1      | 95 ||| Stepping ~*~*~tactically~*~*~ (stealth).
   116 | D:1      | 116 ||| Stepping ~*~*~tactically~*~*~ (stealth).
   118 | D:1      | 118 ||| Stepping ~*~*~tactically~*~*~ (stealth).
   126 | D:1      | Reached XP level 2. HP: 23/24 MP: 3/3
   274 | D:1      | Found a faded altar of an unknown god.
   459 | D:1      | Reached skill level 4 in Axes
   459 | D:1      | Reached XP level 3. HP: 16/29 MP: 4/4
   461 | D:1      | 461 ||| INVOKING Fiery Armour.
   650 | D:1      | 650 ||| Stepping ~*~*~tactically~*~*~ (stealth).
   681 | D:1      | 681 ||| Stepping ~*~*~tactically~*~*~ (stealth).
   682 | D:1      | 682 ||| Stepping ~*~*~tactically~*~*~ (stealth).
   711 | D:1      | Reached skill level 1 in Dodging
   809 | D:1      | 809 ||| Stepping ~*~*~tactically~*~*~ (stealth).
  1355 | D:1      | 1355 ||| UPGRADING to +0 leather armour.
  1365 | D:1      | 1365 ||| DROPPING +0 robe.
  1366 | D:1      | 1366 ||| UPGRADING to +0 pair of boots.
  1371 | D:1      | 1371 ||| READING scroll labelled XOYCUPL RUKAUC.
  1372 | D:1      | 1372 ||| READING scroll labelled LATZEPP GITI.
  1516 | D:1      | 1516 ||| READING scroll labelled CAGE QIUZYPEANT.
  1517 | D:1      | 1517 ||| READING scroll labelled VAX XARPHIOPUU.
  1518 | D:1      | 1518 ||| DRINKING 2 cyan potions.
  1519 | D:1      | 1519 ||| DROPPING potion of degeneration.
  1529 | D:2      | Reached XP level 4. HP: 35/35 MP: 5/5
  1817 | D:2      | 1817 ||| READING scroll of enchant armour.
  1817 | D:2      | 1817 ||| ENCHANTING +0 pair of boots.
  2066 | D:2      | 2066 ||| UPGRADING to +0 tower shield.
  2071 | D:2      | 2071 ||| UPGRADING to +0 chain mail.
  2081 | D:2      | 2081 ||| DROPPING +0 leather armour.
  2082 | D:2      | 2082 ||| READING scroll labelled NEYZUNOOHE.
  2083 | D:2      | 2083 ||| READING scroll labelled XOW TYOPNAYWU.
  2084 | D:2      | 2084 ||| Stepping randomly (stuck).
  2085 | D:2      | 2085 ||| Stepping ~*~*~tactically~*~*~ (cloud).
  2353 | D:3      | Found an ancient bone altar of Kikubaaqudgha.
  2472 | D:3      | Found a basalt altar of Yredelemnul.
  2525 | D:3      | Found a snail-covered altar of Cheibriados.
  2531 | D:3      | Found a hide-covered altar of Uskayaw.
  2535 | D:3      | Noticed Natasha
  2546 | D:3      | 2546 ||| INVOKING Fiery Armour.
  2551 | D:3      | Reached skill level 1 in Shields
  2558 | D:3      | 2558 ||| FLEEEEING.
  2561 | D:3      | HP: 7/35 [shadow imp[Natasha] (4)]
  2563 | D:3      | Slain by an iron imp

Levels and vault maps discovered:
D:1:      roderic_octagonal_star, layout_basic, basic_ecumenical_altar
D:2:      layout_basic
D:3:      layout_loops_ring, mainiacjoe_overflow_catwalk_spiral,
          nicolae_vehumet_altar_sigil, mainiacjoe_overflow_tiny_flanked,
          old_standard_altar, serial_shops, nicolae_shop_behind_doors,
          uniq_terence, uniq_natasha, uniq_crazy_yiuf_cottage

Skill      XL: |  1  2  3  4 |
---------------+-------------+-----
Axes           | 4 |  4.6
Dodging        | 1 |  1.0
Shields        | 1 |  1.0
Fighting       | |  3.2
Spellcasting   | |  1.1
Fire Magic     | |  3.0

Action                   |  1- 3 |  4- 6 || total
-------------------------+-------+-------++-------
Melee: Hand axe          |   106 |    58 ||   164
       Punch             |     2 |       ||     2
Invok: Fiery Armour      |     1 |     1 ||     2
  Use: Scroll            |     4 |     3 ||     7
       Potion            |     1 |       ||     1
Armor: Robe              |    38 |       ||    38
       Leather armour    |     1 |    18 ||    19
       Chain mail        |       |    25 ||    25
Dodge: Dodged            |    73 |    27 ||   100
Block: Tower shield      |       |    18 ||    18

Table legend:
 A = Non-vault XP
 B = Vault XP
 C = Vault XP percentage of total XP
 D = Non-vault monster count
 E = Vault monster count
 F = Vault count percentage of total count
                 A         B        C        D         E       F
            +---------+---------+-------+---------+---------+-------
      Total |     105 |       0 |   0.0 |      53 |       0 |   0.0
            +---------+---------+-------+---------+---------+-------
        D:1 |      65 |       0 |   0.0 |      36 |       0 |   0.0
        D:2 |      27 |       0 |   0.0 |      11 |       0 |   0.0
        D:3 |      13 |       0 |   0.0 |       6 |       0 |   0.0
            +---------+---------+-------+---------+---------+-------
